 Dungeon Crawl Stone Soup version 0.25.1-2-g60ff931df9 (webtiles) character file.

Game seed: 36866948894385734

139 Gunterle the Vandal (level 5, -8/36 HPs)
             Began as a Halfling Abyssal Knight on Sept 28, 2020.
             Was a Believer of Lugonu.
             Killed by divine providence
             ... invoked by an orc priest
              (14 damage)
             ... on level 3 of the Dungeon.
             The game lasted 00:05:38 (1936 turns).

Gunterle the Vandal (Halfling Abyssal Knight)       Turns: 1936, Time: 00:05:40

Health: -8/36      AC:  3    Str: 13    XL:     5   Next: 46%
Magic:  6/6        EV: 14    Int: 11    God:    Lugonu [**....]
Gold:   61         SH:  0    Dex: 14    Spells: 4/4 levels left

rFire    . . .     SeeInvis .   e - +3 hunting sling (freeze)
rCold    . . .     Gourm    .   (shield restricted)
rNeg     . . .     Faith    .   b - +0 leather armour
rPois    .         Spirit   .   (no helmet)
rElec    .         Reflect  .   (no cloak)
rCorr    .         Harm     .   (no gloves)
MR       .....                  (no boots)
Stlth    +.........             (no amulet)
HPRegen  0.12/turn              j - ring of flight
MPRegen  0.10/turn              (no ring)

@: no status effects
A: small, mutation resistance 1
a: Depart the Abyss, Bend Space, Renounce Religion, Evoke Flight


You were on level 3 of the Dungeon.
You worshipped Lugonu.
Lugonu was pleased with you.
You were not hungry.

You visited 1 branch of the dungeon, and saw 3 of its levels.
You visited the Abyss 1 time.

You collected 61 gold pieces.

Inventory:

Hand Weapons
 a - a +1 hand axe
 e - a +3 hunting sling of freezing (weapon)
Missiles
 d - 106 stones (quivered)
 i - 8 boomerangs
 p - 16 poisoned darts
 u - 10 sling bullets
Armour
 b - a +0 leather armour (worn)
Jewellery
 j - a ring of flight (left hand)
 t - an uncursed amulet of the acrobat {unknown}
Scrolls
 g - a scroll of amnesia
 h - a scroll of teleportation {unknown}
 m - a scroll of enchant weapon {unknown}
 n - a scroll of remove curse {unknown}
 o - 4 scrolls of identify {unknown}
 r - 2 scrolls of fog {unknown}
Potions
 f - a potion of curing {unknown}
 k - a potion of berserk rage {unknown}
 q - a potion of heal wounds {unknown}
 s - a potion of degeneration {unknown}
Comestibles
 c - 4 rations
 l - 9 chunks of flesh


   Skills:
 + Level 3.0 Fighting
 * Level 3.2 Axes
 * Level 3.4 Slings
 + Level 2.8 Armour
 + Level 2.0 Dodging
 + Level 2.5 Invocations


You had 4 spell levels left.
You didn't know any spells.
Your spell library was empty.

Dungeon Overview and Level Annotations

Branches:
Dungeon (3/15)

Altars:
Dithmenos
Nemelex Xobeh
Okawaru
Qazlal


Innate Abilities, Weirdness & Mutations

You are small and have problems with some larger weapons.
You are somewhat resistant to further mutation.


Message History

Aim: a hobgoblin, wielding a +0 club You shoot a stone.
The stone hits the hobgoblin.
The stone freezes the hobgoblin.
The hobgoblin is severely wounded.
The hobgoblin hits you with a +0 club.
The orc priest calls down the wrath of Beogh upon you.
Beogh smites you!
* * * LOW HITPOINT WARNING * * *
Some of the chunks of flesh in your inventory have rotted away.
Okay, then.
Firing (i - inventory. (/) - cycle)
d - 107 stones (quivered)
Press: ? - help, Shift-Dir - straight line, f/p - hobgoblin
Aim: a hobgoblin, wielding a +0 club (severely wounded)
You shoot a stone.
The stone hits the hobgoblin but does no damage.
The hobgoblin is severely wounded.
The hobgoblin closely misses you.
The orc priest invokes the aid of Beogh against you.
Beogh smites you!
You die...

### .... #######
..... #.....#
......########.##.##
(...(og@.........>#
.....o########....#
..... #######†##.#
.### #.......##.#
#.#.######.#
........##.#
....###..#.######
#########.#.......
#................[


You could see an orc priest, an orc and a hobgoblin.

Vanquished Creatures
  3 gnolls (D:2)
  4 adders
  2 oozes
  2 dart slugs
  3 leopard geckos
  4 orcs (D:3)
  A giant cockroach (D:3)
  5 goblins
  7 hobgoblins
  3 jackals (D:2)
  A quokka (D:3)
  6 bats
  6 frilled lizards
  6 kobolds
  5 rats
58 creatures vanquished.

Notes
Turn   | Place    | Note
-------+----------+-------------------------------------------
     0 | Abyss:1  | Gunterle the Halfling Abyssal Knight began the quest for
                  | the Orb.
     0 | Abyss:1  | Reached XP level 1. HP: 15/15 MP: 2/2
    61 | Abyss:1  | Noticed an ancient zyme
    62 | D:1      | Escaped the Abyss
   232 | D:1      | Reached skill level 1 in Slings
   232 | D:1      | Reached XP level 2. HP: 20/20 MP: 3/3
   323 | D:1      | Reached * piety under Lugonu
   804 | D:2      | Reached XP level 3. HP: 25/25 MP: 4/4
   914 | D:2      | Found a sparkling altar of Nemelex Xobeh.
  1116 | D:2      | Reached XP level 4. HP: 24/30 MP: 5/5
  1545 | D:2      | Found a shadowy altar of Dithmenos.
  1639 | D:2      | Found a stormy altar of Qazlal.
  1732 | D:3      | Reached XP level 5. HP: 36/36 MP: 6/6
  1862 | D:3      | Found an iron altar of Okawaru.
  1890 | D:3      | Reached ** piety under Lugonu
  1936 | D:3      | Killed from afar by an orc priest

Illustrated notes

Levels and vault maps discovered:
D:1:      lemuel_arrival_tunnels, layout_basic
D:2:      layout_rooms, marbit_many_paths, nicolae_overflow_hidden_temple,
          nicolae_dithmenos_through_a_glass_darkly
D:3:      layout_basic, okawaru_ov_weapons_minmay

Skill      XL: |  1  2  3  4  5 |
---------------+----------------+-----
Slings         | 1 2 3 |  3.4
Axes           | 3 |  3.2
Fighting       | 3 |  3.0
Dodging        | 2 |  2.0
Armour         | |  2.8
Invocations    | |  2.5

Action                   |  1- 3 |  4- 6 || total
-------------------------+-------+-------++-------
Melee: Hand axe          |     9 |       ||     9
 Fire: Hunting sling     |    66 |    85 ||   151
Invok: Depart the Abyss  |     1 |       ||     1
  Use: Scroll            |     1 |       ||     1
  Eat: Chunk             |       |     3 ||     3
Armor: Leather armour    |    16 |     3 ||    19
Dodge: Dodged            |    28 |    31 ||    59
